 Dungeon Crawl Stone Soup version 0.25-a0-1137-g7f6bfe439b (webtiles) character file.

Game seed: 7159544631636095552, levelgen mode: deterministic

190 MalarOregon the Cudgeler (level 5, 0/45 HPs)
             Began as a Draconian Monk on May 23, 2020.
             Slain by a hound (1 damage)
             ... on level 3 of the Dungeon.
             The game lasted 00:07:27 (4966 turns).

MalarOregon the Cudgeler (Draconian Monk)           Turns: 4966, Time: 00:07:28

Health: 0/45       AC:  5    Str: 13    XL:     5   Next: 41%
Magic:  5/5        EV: 13    Int: 12    God:
Gold:   161        SH:  0    Dex: 13    Spells: 4/4 levels left

rFire    . . .     SeeInvis +   a - +0 mace
rCold    . . .     Gourm    .   (no shield)
rNeg     . . .     Faith    .   (armour unavailable)
rPois    .         Spirit   .   (helmet restricted)
rElec    .         Reflect  .   (no cloak)
rCorr    .         Harm     .   (no gloves)
MR       .....                  (no boots)
Stlth    ++........             j - amulet of inaccuracy (curse)
HPRegen  0.15/turn              z - ring of see invisible
MPRegen  0.09/turn              f - ring of wizardry

@: mighty, hasted, very quick
A: unfitting armour, cold-blooded, AC +5
a: no special abilities


You were on level 3 of the Dungeon.
You were very hungry.

You visited 1 branch of the dungeon, and saw 4 of its levels.

You collected 161 gold pieces.

Inventory:

Hand Weapons
 a - a +0 mace (weapon)
Missiles
 g - 9 poisoned darts (quivered)
Jewellery
 f - a ring of wizardry (right hand)
   (You found it on level 1 of the Dungeon)
 j - a cursed amulet of inaccuracy (around neck)
   (You found it on level 3 of the Dungeon)
 z - a ring of see invisible (left hand)
   (You found it on level 1 of the Dungeon)
Scrolls
 b - a scroll of fear
 c - a scroll of remove curse {@r2}
 d - 3 scrolls of identify {@r1}
Comestibles
 e - 9 rations {!d}


   Skills:
 - Level 3.3 Fighting
 + Level 6.1 Maces & Flails
 - Level 2.7 Dodging
 - Level 1.7 Stealth


You had 4 spell levels left.
You didn't know any spells.
Your spell library contained the following spells:

 Spells                   Type           Power        Failure   Level  Hunger
 Corona                   Hex            #......      13%         1    ##.....
 Ensorcelled Hibernation  Hex/Ice        #.....       21%         2    ###....
 Confusing Touch          Hex            #.......     36%         3    ####...
 Dazzling Flash           Conj/Hex       #.....       36%         3    ####...
 Tukima's Dance           Hex            #.......     36%         3    ####...


Dungeon Overview and Level Annotations

Branches:
Dungeon (4/15)
 Temple: D:4-7

Altars:
Qazlal
Sif Muna

Annotations:
D:2 1 runed translucent door, Crazy Yiuf
D:4 exclusion: ogre


Innate Abilities, Weirdness & Mutations

Your plain brown scales are hard. (AC +5)
You cannot fit into any form of body armour.
You are cold-blooded and may be slowed by cold attacks.


Message History

* * * LOW HITPOINT WARNING * * *
The orc hits you with a +0 dagger.
* * * LOW HITPOINT WARNING * * *
You closely miss the orc priest. The orc wizard barely misses you.
The orc priest looks satisfied for a moment.
The orc hits you.
* * * LOW HITPOINT WARNING * * *
The orc hits you but does no damage. The orc wizard barely misses you.
The orc priest hits you with a +0 dagger.
* * * LOW HITPOINT WARNING * * *
Throwing (i - inventory)
g - 10 poisoned darts (quivered)
Aim: an orc priest, wielding a +0 dagger and wearing a +0 ring mail (almost dead)
You throw a poisoned dart. The poisoned dart hits the orc priest.
The orc priest is poisoned.
You kill the orc priest!
Your Maces & Flails skill increases to level 6!
A hound comes into view.
The orc wizard hits you with a +0 dagger.
* * * LOW HITPOINT WARNING * * *
The orc hits you but does no damage. The orc barely misses you.
The hound moves out of view.
The orc throws a boomerang.
The boomerang misses you.
The weapon returns to the orc!
The orc wizard closely misses you.
The hound barks!
The orc throws a boomerang.
The boomerang closely misses you.
The weapon returns to the orc!
The orc wizard gestures at you while chanting.
The magic dart hits you.
* * * LOW HITPOINT WARNING * * *
You feel very mighty all of a sudden. The orc wizard barely misses you.
The orc hits you with a +0 dagger.
* * * LOW HITPOINT WARNING * * *
You feel yourself speed up.
The orc wizard hits you with a +0 dagger.
* * * LOW HITPOINT WARNING * * *
The orc completely misses you.
The orc wizard hits you but does no damage.
You closely miss the orc wizard.
The orc wizard hits you with a +0 dagger.
* * * LOW HITPOINT WARNING * * *
There is a stone staircase leading up here.
The hound misses you.
You climb upwards.
There is a stone staircase leading down here.
You miss the hound. You tail-slap the hound!
The hound pauses to sniff the ground.
The hound bites you.
* * * LOW HITPOINT WARNING * * *
You miss the hound. The hound bites you.
You die...

##########
#####........####
#...............#
#...............###
#.h@.........(..'.#
#.....#.###.....#.##
#.....#.# #.....#..#
#.....'.# #.....##.#
#.....### #.....##..
#.....# #.....###.
####)### ####### #.
#.....##############.
#....................


You could see a hound.

Vanquished Creatures
  An orc priest (D:4)
  Robin (D:2)
  3 gnolls
  4 adders
  An ooze (D:1)
  3 worms
  A dart slug (D:2)
  3 leopard geckos
  An orc (D:4)
  2 giant cockroaches
  19 goblins
  7 hobgoblins
  A quokka (D:3)
  A ball python (D:1)
  5 bats
  2 frilled lizards
  11 kobolds
  5 rats
71 creatures vanquished.

Notes
Turn   | Place    | Note
-------+----------+-------------------------------------------
     0 | D:1      | MalarOregon the Draconian Monk began the quest for the Orb.
     0 | D:1      | Reached XP level 1. HP: 19/19 MP: 1/1
    71 | D:1      | Reached XP level 2. HP: 16/26 MP: 2/2
   481 | D:1      | Reached skill level 4 in Maces & Flails
   734 | D:1      | You fall into a shaft and drop 1 floor!
   884 | D:2      | Reached XP level 3. HP: 24/31 MP: 3/3
  1732 | D:2      | Found a shimmering blue altar of Sif Muna.
  2125 | D:2      | Found a runed translucent door.
  2126 | D:2      | Noticed Crazy Yiuf
  2188 | D:3      | Noticed Robin
  2275 | D:2      | Reached XP level 4. HP: 26/38 MP: 4/4
  2498 | D:2      | Reached skill level 5 in Maces & Flails
  2661 | D:2      | Killed Robin
  2801 | D:3      | Found a stormy altar of Qazlal.
  4118 | D:3      | Reached XP level 5. HP: 45/45 MP: 5/5
  4890 | D:4      | Noticed an ogre
  4939 | D:4      | Reached skill level 6 in Maces & Flails
  4945 | D:4      | HP: 1/45 [orc wizard/+0 dagger (4)]
  4965 | D:3      | HP: 1/45 [hound (2)]
  4966 | D:3      | Slain by a hound

Illustrated notes

Levels and vault maps discovered:
D:1:      mrwooster_arrival_statue_3, layout_basic
D:2:      layout_loops_ring, first_ration, lemuel_blue_sif_altar,
          uniq_crazy_yiuf_cottage
D:3:      layout_basic, grunt_qazlal_clouds, uniq_robin
D:4:      layout_loops_cross

Skill      XL: |  1  2  3  4  5 |
---------------+----------------+-----
Maces & Flails | 4 5 6 |  6.1
Fighting       | |  3.3
Dodging        | |  2.7
Stealth        | |  1.7

Action                   |  1- 3 |  4- 6 || total
-------------------------+-------+-------++-------
Melee: Mace              |   115 |   132 ||   247
       Tailslap          |    10 |    17 ||    27
Throw: Dart              |       |    21 ||    21
  Use: Scroll            |     4 |     3 ||     7
       Potion            |       |     2 ||     2
 Stab: Sleeping          |     2 |     1 ||     3
  Eat: Chunk             |     4 |     4 ||     8
       Ration            |       |     1 ||     1
Armor: Skin              |    30 |    51 ||    81
Dodge: Dodged            |    94 |   101 ||   195

Table legend:
 A = Non-vault XP
 B = Vault XP
 C = Vault XP percentage of total XP
 D = Non-vault monster count
 E = Vault monster count
 F = Vault count percentage of total count
                 A         B        C        D         E       F
            +---------+---------+-------+---------+---------+-------
      Total |     235 |      37 |  13.6 |      58 |      13 |  18.3
            +---------+---------+-------+---------+---------+-------
        D:1 |      43 |       0 |   0.0 |      23 |       0 |   0.0
        D:2 |      50 |      36 |  41.9 |      18 |      12 |  40.0
        D:3 |      86 |       1 |   1.1 |      14 |       1 |   6.7
        D:4 |      56 |       0 |   0.0 |       3 |       0 |   0.0
            +---------+---------+-------+---------+---------+-------
